Map: Nightshade LE

Players

Dear

  • Race: Protoss Protoss
  • League: Master
  • Spawn Location: 11:00

Ragnarok (SHIN) - Winner!

  • Race: Zerg Zerg
  • League: Grandmaster
  • Spawn Location: 5:00

VOD

Have the link to the VOD?

Description

Time

  • Played on: Jan. 16, 2020, 5:58 a.m.
  • Length: 6:47
Show
View Real Time Build Order
Export as new Build Order

Dear Protoss 

Build Orders: 1 Gate Expand, Oracle Opening, Mass Adepts 

Get SALT Encoding   

  12  0:00  Probe  
  13  0:12  Probe  
  14  0:17  Pylon  
  14  0:24  Probe  
  15  0:31  Assimilator  
  15  0:36  Probe (Chrono Boost)  
  16  0:43  Gateway  
  16  0:48  Probe (Chrono Boost)  
  17  0:53  Probe (Chrono Boost)  
  18  1:03  Probe  
  19  1:15  Probe  
  20  1:22  Nexus  
  20  1:32  Cybernetics Core  
  20  1:35  Probe  
  21  1:40  Assimilator  
  22  1:47  Probe  
  22  1:50  Pylon  
  22  1:59  Probe  
  23  2:05  Adept (Chrono Boost)  
  25  2:11  Probe  
  25  2:14  Stargate  
  26  2:19  Warp Gate  
  26  2:23  Probe  
  29  2:31  Stalker  
  29  2:34  Probe (Chrono Boost)  
  29  2:35  Probe (Chrono Boost)  
  33  2:44  Probe x2 (Chrono Boost)  
  33  2:49  Probe x2 (Chrono Boost)  
  34  2:56  Oracle (Chrono Boost)  
  38  3:01  Probe  
  38  3:02  Probe  
  40  3:11  Gateway  
  40  3:13  Gateway  
  40  3:17  Probe x2  
  42  3:22  Pylon  
  42  3:27  Twilight Council  
  42  3:29  Probe  
  42  3:31  Probe  
  44  3:41  Probe  
  44  3:43  Probe  
  46  3:49  Pylon  
  46  3:53  Probe  
  46  3:55  Probe  
  48  3:59  Resonating Glaives (Chrono Boost)  
  48  4:01  Nexus  
  48  4:02  Pylon  
  48  4:10  Adept x2  
  48  4:11  Adept  
  48  4:15  Probe x2  
  56  4:18  Pylon  
  56  4:24  Assimilator  
  56  4:26  Assimilator  
  56  4:27  Probe x2  
  58  4:33  Adept x2  
  62  4:38  Adept  
  62  4:45  Probe  
  61  4:46  Probe  
  60  4:55  Robotics Facility  
  60  4:57  Probe  
  60  4:58  Probe, Adept x3  
  68  5:08  Forge  
  68  5:10  Probe (Chrono Boost)  
  68  5:11  Pylon  
  68  5:12  Probe (Chrono Boost)  
  70  5:16  Probe (Chrono Boost)  
  70  5:21  Sentry x3  
  70  5:22  Probe (Chrono Boost)  
  70  5:25  Probe (Chrono Boost)  
  70  5:26  Probe (Chrono Boost)  
  70  5:27  Probe (Chrono Boost)  
  78  5:30  Probe (Chrono Boost)  
  78  5:33  Probe  
  79  5:36  Probe  
  79  5:38  Shield Battery  
  79  5:40  Immortal (Chrono Boost), Shield Battery  
  83  5:46  Zealot x2  
  83  5:47  Zealot  
  89  5:52  Shield Battery  
  89  5:55  Shield Battery  
  88  5:59  Shield Battery x2  
  88  6:01  Shield Battery  
  88  6:09  Zealot  
  88  6:10  Zealot  
  88  6:11  Zealot  
  86  6:33  Zealot  
  86  6:34  Pylon  
  77  6:42  Gateway  
Show
View Real Time Build Order
Export as new Build Order

Ragnarok Zerg - Winner!

Build Orders: Hatch First 

Get SALT Encoding   

  12  0:01  Drone  
  13  0:13  Overlord  
  13  0:16  Drone  
  14  0:31  Drone x2  
  16  0:47  Hatchery  
  15  0:51  Drone  
  15  0:55  Drone  
  17  0:58  Drone  
  18  1:09  Extractor  
  17  1:14  Spawning Pool  
  17  1:16  Drone  
  17  1:19  Drone  
  18  1:29  Drone  
  20  1:40  Drone  
  20  1:46  Hatchery  
  19  1:50  Drone  
  20  2:00  Queen  
  22  2:02  Zergling x2  
  22  2:06  Drone  
  24  2:14  Queen  
  26  2:20  Overlord  
  26  2:23  Drone  
  26  2:26  Zergling x2  
  28  2:30  Metabolic Boost  
  28  2:39  Drone x2  
  28  2:40  Drone  
  31  2:46  Queen  
  33  2:51  Drone  
  33  2:55  Drone x2  
  36  3:01  Queen  
  36  3:05  Drone  
  39  3:07  Overlord  
  39  3:12  Drone  
  40  3:13  Drone  
  40  3:17  Spore Crawler  
  41  3:20  Drone x2  
  41  3:26  Drone x4  
  46  3:30  Drone  
  46  3:31  Spore Crawler  
  46  3:33  Drone  
  47  3:37  Overlord  
  47  3:38  Drone  
  47  3:40  Drone  
  49  3:42  Drone  
  50  3:49  Overlord  
  50  3:56  Overlord  
  50  3:58  Extractor  
  50  3:59  Spore Crawler  
  50  4:00  Drone  
  50  4:01  Drone  
  50  4:05  Overlord  
  50  4:06  Roach Warren  
  50  4:07  Drone  
  50  4:08  Drone  
  50  4:09  Drone  
  52  4:14  Zergling x8  
  56  4:19  Extractor  
  56  4:20  Drone x2  
  56  4:21  Drone  
  57  4:24  Queen  
  57  4:28  Zergling x2  
  57  4:29  Zergling x4  
  62  4:32  Overlord  
  58  4:49  Roach x4  
  58  4:50  Roach  
  58  4:51  Roach  
  69  4:59  Roach x2  
  73  5:03  Roach  
  73  5:05  Overlord  
  75  5:16  Zergling x12  
  81  5:24  Zergling x2  
  81  5:25  Zergling x10  
  87  5:33  Zergling x10  
  85  5:37  Overlord  
  85  5:41  Ravager x4  
  89  5:44  Overlord  
  89  5:56  Ravager x2  
  91  5:57  Zergling x12  
  91  5:59  Overlord  
  91  6:03  Ravager x3  
  101  6:04  Zergling x4  
  101  6:09  Zergling x6  
  100  6:19  Zergling x2  
  100  6:20  Zergling x10  
  101  6:27  Zergling x2  
  101  6:28  Zergling x6  
Tags
 
Add a new tag
Caveats
  • Supply blocks, unpowered buildings, or Contaminate may cause inaccurate times.
  • Supply counts are checked every 10 seconds.